 Dungeon Crawl Stone Soup version 0.30-a0-586-g23e55c9e0a (webtiles) character file.

Game seed: 9018048663732156218

2066 bande the Chopper (level 9, -5/55 HPs)
             Began as a Gargoyle Fighter on Jan 4, 2023.
             Slain by a water moccasin (6 damage)
             ... on level 7 of the Dungeon.
             The game lasted 00:09:33 (5032 turns).

bande the Chopper (Gargoyle Fighter)                Turns: 5032, Time: 00:09:33

Health: -5/55      AC: 16    Str: 21    XL:     9   Next: 26%
Magic:  9/9        EV:  7    Int:  8    God:
Gold:   323        SH:  6    Dex: 13    Spells: 8/8 levels left

rFire   . . .      SeeInvis .    t - +2 war axe (elec)
rCold   . . .      Faith    .    c - +1 buckler
rNeg    + . .      Spirit   .    e - +0 chain mail
rPois   ∞          Reflect  .    (no helmet)
rElec   +          Harm     .    (no cloak)
rCorr   .          Rampage  .    (no gloves)
Will    .....                    (no boots) Stlth
                                 w - amulet of regeneration
HPRegen 1.09/turn                (no ring)
MPRegen 0.11/turn                (no ring)

@: mesmerised
A: sickness immunity, AC +6, negative energy resistance 1, electricity
resistance, torment resistance 1, petrification resistance
a: no special abilities


You were on level 7 of the Dungeon.
You visited 2 branches of the dungeon, and saw 8 of its levels.
You also visited: Sewer.

You collected 323 gold pieces.

Inventory:

Hand Weapons
 a - a +1 war axe
 t - a +2 war axe of electrocution (weapon)
 y - a +1 flail of freezing
Missiles
 g - 2 throwing nets (quivered)
Armour
 c - a +1 buckler (worn)
 e - a +0 chain mail (worn)
Jewellery
 r - a ring of magical power
 w - an amulet of regeneration (around neck)
Wands
 o - a wand of iceblast (3)
 u - a wand of paralysis (5)
Scrolls
 b - a scroll of poison
 f - 2 scrolls of fear
 h - a scroll of amnesia
 i - 4 scrolls of identify
 m - a scroll of fog
 s - a scroll of enchant weapon
 z - a scroll of enchant armour
Potions
 d - a potion of might
 j - 3 potions of mutation
 k - a potion of haste
 l - 2 potions of flight
 n - 2 potions of berserk rage
 p - a potion of magic
 v - a potion of brilliance
 x - 2 potions of lignification {unknown}
Miscellaneous
 q - a box of beasts


   Skills:
 + Level 6.0 Fighting
 + Level 7.8 Axes
 + Level 6.2 Armour
 + Level 5.5 Shields
 * Level 2.7 Evocations


You had 8 spell levels left.
You didn't know any spells.
Your spell library contained the following spells:

 Spells                   Type           Power      Damage    Failure   Level
 Apportation              Tloc           0%         N/A       99%         1
 Foxfire                  Conj/Fire      0%         2x1d4     99%         1
 Kiss of Death            Conj/Necr      0%         2d5       99%         1
 Slow                     Hex            0%         N/A       99%         1
 Confusing Touch          Hex            0%         N/A       100%        3
 Vampiric Draining        Necr           0%         2d6       100%        3
 Dispel Undead            Necr           0%         3d6       100%        4
 Alistair's Intoxication  Tmut/Pois      0%         N/A       100%        5
 Fireball                 Conj/Fire      0%         3d3       100%        5
 Starburst                Conj/Fire      0%         6d3       100%        6


Dungeon Overview and Level Annotations

Branches:
Dungeon (7/15)             Temple (1/1) D:5           Sewer (visited)

Altars:
Cheibriados
Dithmenos
Gozag
Hepliaklqana
Makhleb
Ru
Sif Muna
Trog
Uskayaw
Vehumet
Xom

Shops:
D:1 [   D:4 (

Annotations:
D:7 Maggie


Innate Abilities, Weirdness & Mutations

You are immune to sickness and miasma.
Your stone body is resilient. (AC +6)
You are immune to poison.
You resist negative energy. (rN+)
You are resistant to electric shocks. (rElec)
You are resistant to unholy torment.
You are immune to petrification.


Message History

Maggie burns you.
The orc warrior hits you but does no damage.
You block the water moccasin's attack.
You hear a shout!
You are too injured to fight recklessly!
You are too injured to fight recklessly!
You are too injured to fight recklessly!
You are too injured to fight recklessly!
You are too injured to fight recklessly!
You are too injured to fight recklessly!
You are too injured to fight recklessly!
You are too injured to fight recklessly!
Unknown command.
You closely miss Maggie.
Maggie is lightly wounded.
You hit the water moccasin. The water moccasin bites you.
You block the orc warrior's attack.
Maggie hits you with a +0 scimitar of flaming!
Maggie burns you.
* * * LOW HITPOINT WARNING * * *
You slash Maggie! Lightning courses through Maggie!
Maggie is heavily wounded.
You barely miss the water moccasin.
The water moccasin bites you but does no damage.
Maggie hits you with a +0 scimitar of flaming!
* * * LOW HITPOINT WARNING * * *
Maggie burns you.
* * * LOW HITPOINT WARNING * * *
A kobold comes into view. It is wielding a +0 whip.
You block the orc warrior's attack. The water moccasin bites you.
* * * LOW HITPOINT WARNING * * *
You barely miss Maggie.
Maggie is heavily wounded.
You closely miss the water moccasin.
Maggie hits you with a +0 scimitar of flaming.
* * * LOW HITPOINT WARNING * * *
Maggie burns you.
* * * LOW HITPOINT WARNING * * *
The orc warrior barely misses you. The water moccasin bites you.
You die...

..# .... .'##...# #g..#..#
......# . + K..o. ###..
#K#z..# #....
#JoS#.###...####
#@.##..###..#
#@..>.##.....
#..#.†....... .#
...#.#......... ..
.@.....#......... #.
.......#......... ###.####
.......#..##..... #......#
.......#...###..#
#......##########.#...####


You could see Maggie (mesmerising), an orc warrior, a water moccasin, a gnoll
sergeant, a jelly, a wight, an orc priest and 2 kobolds.

Vanquished Creatures
  Sigmund (D:3)
  A water moccasin (Sewer)
  3 black bears
  2 ice beasts (D:6)
  2 ogres (D:5)
  2 centaurs (D:7)
  A phantom (D:6)
  A bullfrog (D:6)
  4 scorpions
  A necrophage (D:5)
  3 wights (D:6)
  2 jellies
  A gnoll bouda (D:5)
  2 iguanas
  2 orc wizards (D:5)
  6 gnolls (D:5)
  5 adders
  A river rat (D:5)
  2 ufetubi
  2 worms
  5 dart slugs
  14 orcs
  6 ball pythons
  10 endoplasms
  4 giant cockroaches
  9 goblins
  3 hobgoblins
  7 jackals
  12 kobolds
  3 quokkas
  7 bats
  5 frilled lizards
  4 rats
133 creatures vanquished.

Notes
Turn   | Place    | Note
-------+----------+-------------------------------------------
     0 | D:1      | bande the Gargoyle Fighter began the quest for the Orb.
     0 | D:1      | Reached XP level 1. HP: 14/14 MP: 1/1
    61 | D:1      | Reached XP level 2. HP: 19/19 MP: 2/2
   163 | D:1      | Found Huch's Antique Armour Emporium.
   305 | D:1      | Reached skill level 2 in Axes
   328 | D:1      | Reached XP level 3. HP: 23/23 MP: 3/3
  1281 | D:2      | Reached XP level 4. HP: 24/29 MP: 4/4
  1582 | D:3      | Found a shadowy altar of Dithmenos.
  1589 | D:3      | Noticed a black bear
  1609 | D:3      | Killed a black bear
  1610 | D:3      | Reached skill level 3 in Axes
  1610 | D:3      | Reached XP level 5. HP: 33/33 MP: 5/5
  1668 | D:3      | Found a burning altar of Makhleb.
  1708 | D:3      | Identified the +0 ring mail "Sikh" {Dex+2 Slay-3 Stlth+}
  1753 | D:3      | Noticed Sigmund
  1773 | D:3      | Killed Sigmund
  1774 | D:3      | Reached skill level 4 in Axes
  1774 | D:3      | Reached XP level 6. HP: 32/38 MP: 6/6
  1850 | D:3      | You fall into a shaft and drop 2 floors!
  1850 | D:5      | Entered Level 5 of the Dungeon
  2010 | D:5      | Reached skill level 5 in Axes
  2010 | D:5      | Reached XP level 7. HP: 43/44 MP: 7/7
  2174 | D:5      | Found a staircase to the Ecumenical Temple.
  2386 | D:5      | Found a glowing drain.
  2410 | Sewer    | Entered a sewer
  2475 | Sewer    | Reached skill level 5 in Armour
  2577 | D:5      | Reached skill level 6 in Axes
  2577 | D:5      | Reached XP level 8. HP: 45/48 MP: 8/8
  2581 | D:5      | Reached skill level 5 in Fighting
  2581 | D:5      | Reached skill level 5 in Shields
  2637 | Temple   | Entered the Ecumenical Temple
  2834 | D:4      | Found Joikk's Antique Weapon Boutique.
  3932 | D:5      | Found a radiant altar of Vehumet.
  4124 | D:6      | Reached skill level 1 in Evocations
  4259 | D:6      | Reached skill level 7 in Axes
  4554 | D:6      | Reached XP level 9. HP: 44/55 MP: 9/9
  4691 | D:6      | Identified the +4 war axe "Tinanluh" {freeze, *Noise rC+
                  | rN+}
  5021 | D:7      | Noticed Maggie
  5032 | D:7      | HP: 2/55 [Maggie/+0 scimitar of flaming (2)]
  5032 | D:7      | Slain by a water moccasin

Illustrated notes

Levels and vault maps discovered:
D:1:      psy_arrival_basics, layout_loops_ring, serial_shops,
          nicolae_shop_stone
D:2:      layout_loops_ring
D:3:      layout_rooms, mainiacjoe_overflow_chevrons, bloody_makhleb,
          uniq_sigmund
D:4:      layout_basic, serial_shops, shop_fountains
D:5:      layout_rooms, lemuel_tele_altar, minmay_temple_entry_gardened_gates,
          portal_sewer_entry_c, dk_noncrumbling_4
D:6:      layout_basic, st_stairs_12, dk_noncrumbling_2
D:7:      layout_basic, minmay_overflow_temple_star_hex,
          mainiacjoe_overflow_large_starburst, minmay_misc_feat_iff,
          minmay_fractal_squares_diagonal_5, uniq_joseph, uniq_maggie,
          uniq_pikel
Temple:   hellmonk_temple_beads

Skill      XL: |  1  2  3  4  5  6  7  8  9 |
---------------+----------------------------+-----
Axes           | 2 3 4 5 6 7 |  7.8
Shields        | 4 5 |  5.5
Fighting       | 4 5 6 |  6.0
Armour         | 4 5 6 |  6.2
Evocations     | 2 |  2.7

Action                   |  1- 3 |  4- 6 |  7- 9 || total
-------------------------+-------+-------+-------++-------
Melee: War axe           |    97 |    97 |   217 ||   411
  Use: Scroll            |       |    10 |     7 ||    17
Armor: Chain mail        |    37 |    83 |   149 ||   269
Dodge: Dodged            |    36 |    47 |   104 ||   187
Block: Buckler           |    24 |    30 |    71 ||   125

Table legend: (Time is in decaauts)
 A = Elapsed time spent in this place.
 B = Non-inter-level travel time spent in this place.
 C = Inter-level travel time spent in this place.
 D = Time resting spent in this place.
 E = Time spent auto-exploring this place.
 F = Levels seen in this place.
 G = Mean time per level.
                   A        B        C        D        E       F      G
               +--------+--------+--------+--------+--------+-----+--------+
         Total |   5162 |   5033 |    129 |    437 |   3279 |   9 |  573.6 |
       Dungeon |   4857 |   4799 |     58 |    437 |   3120 |   7 |  693.9 |
        Temple |    184 |    113 |     71 |      0 |    104 |   1 |  184.0 |
         Sewer |    119 |    119 |      0 |      0 |     55 |   1 |  119.0 |
               +--------+--------+--------+--------+--------+-----+--------+

Top non-repeatable levels by time:
     D:5: 1289 daAuts
     D:6: 837 daAuts
     D:1: 774 daAuts
     D:2: 771 daAuts
     D:3: 555 daAuts
     D:4: 531 daAuts
  Temple: 184 daAuts
   Sewer: 119 daAuts
     D:7: 97 daAuts
